 Dungeon Crawl Stone Soup version 0.25-a0-667-gb977e01cb5 (webtiles) character file.

Game seed: 5328684701235525169, levelgen mode: deterministic

162 DasRunzen the Ducker (level 4, -3/37 HPs)
             Began as a Demigod Gladiator on Mar 27, 2020.
             Slain by Natasha (5 damage)
             ... on level 3 of the Dungeon.
             The game lasted 00:04:21 (2360 turns).

DasRunzen the Ducker (Demigod Gladiator)            Turns: 2360, Time: 00:04:22

Health: -3/37      AC:  5    Str: 17    XL:     4   Next: 99%
Magic:  9/9        EV: 13    Int: 14    God:
Gold:   114        SH:  0    Dex: 17    Spells: 6/6 levels left

rFire    . . .     SeeInvis .   a - +0 trident
rCold    . . .     Gourm    .   (no shield)
rNeg     . . .     Faith    .   b - +0 leather armour
rPois    .         Spirit   .   c - +1 helmet
rElec    .         Reflect  .   (no cloak)
rCorr    .         Harm     .   (no gloves)
MR       .....                  (no boots)
Stlth    +.........             (no amulet)
HPRegen  0.12/turn              (no ring)
MPRegen  0.11/turn              (no ring)

@: slowed, very slow
A: high mp 1
a: no special abilities


You were on level 3 of the Dungeon.
You were not hungry.

You visited 1 branch of the dungeon, and saw 3 of its levels.

You collected 114 gold pieces.

Inventory:

Hand Weapons
 a - a +0 trident (weapon)
Missiles
 d - 4 throwing nets (quivered)
Armour
 b - a +0 leather armour (worn)
 c - a +1 helmet (worn)
Jewellery
 h - an uncursed ring of protection from cold
 i - an uncursed amulet of magic regeneration
 j - an uncursed ring of flight
Wands
 m - a wand of scattershot (5)
Scrolls
 l - a scroll of blinking {unknown}
Potions
 e - 2 potions of haste
 g - a potion of magic {unknown}
 k - a potion of cancellation
Comestibles
 f - 3 rations
 n - 2 chunks of flesh


   Skills:
 + Level 2.7 Fighting
 + Level 3.3 Polearms
 - Level 1.7 Throwing
 + Level 1.7 Armour
 + Level 3.3 Dodging
 + Level 1.6 Spellcasting


You had 6 spell levels left.
You didn't know any spells.
Your spell library was empty.

Dungeon Overview and Level Annotations

Branches:
Dungeon (3/15)

Annotations:
D:3 Natasha


Innate Abilities, Weirdness & Mutations

You have an increased reservoir of magic. (+10% MP)


Message History

Natasha is heavily wounded.
Natasha barely misses you. Natasha misses you.
You barely miss Natasha.
Natasha is heavily wounded.
Natasha claws you!
* * * LOW HITPOINT WARNING * * *
You barely miss Natasha.
Natasha is heavily wounded.
Natasha claws you!
* * * LOW HITPOINT WARNING * * *
Natasha howls an incantation.
You feel troubled. Natasha barely misses you.
You hit Natasha but do no damage.
Natasha is heavily wounded.
Natasha mumbles some strange words.
You completely miss Natasha.
Natasha is heavily wounded.
Natasha claws you.
You die...

##.####..#
#'#†.......##.......÷#
#. ..#
#...........#.........
#. ##
##)#÷.......##........
#.
#...........#..#...##
.?
##........#.##...###
.. #...........'.###
##.5......#####
###.h#...###
##.##@..###
###<..#.### #.....#.#
# # #.....##.#....
##....÷....#
#######.### #


You could see Natasha and a crimson imp.

Vanquished Creatures
  An orc priest (D:3)
  Natasha (D:3)
  A gnoll (D:1)
  2 adders (D:2)
  2 dart slugs (D:1)
  2 leopard geckos (D:3)
  3 orcs (D:3)
  3 giant cockroaches
  5 goblins
  13 hobgoblins
  4 jackals (D:1)
  11 kobolds
  2 quokkas
  7 bats
  4 frilled lizards
  6 rats
67 creatures vanquished.

Notes
Turn   | Place    | Note
-------+----------+-------------------------------------------
     0 | D:1      | DasRunzen the Demigod Gladiator began the quest for the
                  | Orb.
     0 | D:1      | Reached XP level 1. HP: 17/17 MP: 3/3
    25 | D:1      | Reached XP level 2. HP: 11/24 MP: 4/4
   380 | D:1      | Reached XP level 3. HP: 29/29 MP: 6/6
   392 | D:1      | Reached skill level 1 in Armour
   492 | D:1      | Reached skill level 1 in Spellcasting
  1263 | D:2      | Found an ancient bone altar of Kikubaaqudgha.
  1762 | D:3      | Reached XP level 4. HP: 18/37 MP: 8/8
  2197 | D:3      | Noticed Natasha
  2216 | D:3      | Killed Natasha
  2347 | D:3      | Noticed Natasha
  2358 | D:3      | HP: 1/37 [Natasha (9)]
  2360 | D:3      | Slain by Natasha

Levels and vault maps discovered:
D:1:      dpeg_arrival_central, layout_basic, corner_web_ring
D:2:      layout_loops_cross, lemuel_coloured_pillars_altar, first_ration
D:3:      minmay_skewed_foursquare, layout_loops_ring, minmay_bisected,
          uniq_natasha

Skill      XL: |  1  2  3 |
---------------+----------+-----
Fighting       | 2 |  2.7
Dodging        | 3 |  3.3
Polearms       | 3 |  3.3
Armour         | 1 |  1.7
Spellcasting   | 1 |  1.6
Throwing       | |  1.7

Action                   |  1- 3 |  4- 6 || total
-------------------------+-------+-------++-------
Melee: Trident           |   175 |    75 ||   250
  Use: Scroll            |     4 |       ||     4
       Potion            |     2 |       ||     2
 Stab: Sleeping          |     1 |     1 ||     2
  Eat: Chunk             |     2 |     3 ||     5
Armor: Leather armour    |    36 |    11 ||    47
Dodge: Dodged            |   104 |    40 ||   144

Table legend:
 A = Non-vault XP
 B = Vault XP
 C = Vault XP percentage of total XP
 D = Non-vault monster count
 E = Vault monster count
 F = Vault count percentage of total count
                 A         B        C        D         E       F
            +---------+---------+-------+---------+---------+-------
      Total |     185 |      47 |  20.3 |      59 |       8 |  11.9
            +---------+---------+-------+---------+---------+-------
        D:1 |      68 |       0 |   0.0 |      29 |       0 |   0.0
        D:2 |      45 |       0 |   0.0 |      15 |       0 |   0.0
        D:3 |      72 |      47 |  39.5 |      15 |       8 |  34.8
            +---------+---------+-------+---------+---------+-------
